 Dungeon Crawl Stone Soup version 0.30.1-3-gfc49f6343a (webtiles) character file.

Game seed: 10825461341186235627

99 weedian the Conjurer (level 5, -3/27 (39) HPs)
             Began as a Human Reaver on July 23, 2023.
             Slain by an orc warrior
             ... wielding a +0 hand axe
              (7 damage)
             ... on level 3 of the Dungeon.
             The game lasted 00:08:30 (2607 turns).

weedian the Conjurer (Human Reaver)                 Turns: 2607, Time: 00:08:31

HP:   -3/27 (39)    AC:  7    Str: 12    XL:     5   Next: 2%
MP:   6/8           EV:  9    Int: 16    God:
Gold: 104           SH:  0    Dex: 11    Spells: 7/8 levels left

rFire   . . .        a - +0 spear
rCold   . . .        (no shield)
rNeg    . . .        f - +0 scale mail
rPois   .            (no helmet)
rElec   .            (no cloak)
rCorr   .            e - +0 pair of gloves
SInv    .            (no boots)
Will    .....        (no amulet) Stlth
                     (no ring)
HPRegen 0.24/turn    (no ring)
MPRegen 0.11/turn

%: no passive effects
@: very heavily drained
A: no striking features
a: no special abilities


You were on level 3 of the Dungeon.
You visited 1 branch of the dungeon, and saw 3 of its levels.

You collected 104 gold pieces.

Inventory:

Hand Weapons
 a - a +0 spear (weapon)
Armour
 b - a +0 leather armour
 e - a +0 pair of gloves (worn)
 f - a +0 scale mail (worn)
Jewellery
 k - a ring of magical power
 m - a ring of resist corrosion
Scrolls
 c - a scroll of immolation {unknown}
 d - a scroll of blinking {unknown}
 h - a scroll of acquirement {unknown}
 i - a scroll of identify {unknown}
 j - 3 scrolls of magic mapping {unknown}
 n - a scroll of fear {unknown}
Potions
 g - a potion of might {unknown}
 l - 2 potions of brilliance {unknown}


   Skills:
 + Level 2.6 Fighting
 + Level 3.4 Polearms
 + Level 1.5 Armour
 + Level 2.6 Dodging
 + Level 2.4 Spellcasting
 + Level 3.4 Conjurations


You had 7 spell levels left.
You knew the following spells:

 Your Spells              Type           Power      Damage    Failure   Level
a - Kiss of Death         Conj/Necr      28%        2d7       45%         1

Your spell library contained the following spells:

 Spells                   Type           Power      Damage    Failure   Level
 Momentum Strike          Conj/Tloc      14%        3d8       58%         2
 Sting                    Tmut/Pois      4%         1d3       71%         1
 Lesser Beckoning         Tloc           2%         N/A       83%         2
 Poisonous Vapours        Pois/Air       2%         N/A       83%         2
 Hailstorm                Conj/Ice       7%         3d4       83%         3
 Gell's Gravitas          Tloc           1%         N/A       97%         3
 Teleport Other           Tloc           1%         N/A       97%         3
 Olgreb's Toxic Radiance  Pois           1%         N/A       100%        4


Dungeon Overview and Level Annotations

Branches:
Dungeon (3/15)

Altars:


Message History

The orc warrior is moderately wounded.
The orc warrior hits you with a +0 hand axe.
* * * LOW HITPOINT WARNING * * *
You hit the orc warrior but do no damage.
The orc warrior is moderately wounded.
The orc warrior hits you with a +0 hand axe.
* * * LOW HITPOINT WARNING * * *
You closely miss the orc warrior.
The orc warrior is moderately wounded.
An orc comes into view. It is wielding a +0 mace.
The orc warrior hits you with a +0 hand axe.
* * * LOW HITPOINT WARNING * * *
Casting: Kiss of Death (safe; 45% risk of failure)
Confirm with . or Enter, or press ? or * to list all spells.
Aiming: Kiss of Death (safe; 45% risk of failure)
Press: ? - help, Shift-Dir - straight line, f/p - orc warrior
Aim: an orc warrior, wielding a +0 hand axe and wearing a +0 plate armour (moderately wounded, lightly drained, 100% to hit)
The negative energy hits the orc warrior!
The orc warrior is drained!
The orc warrior is almost dead.
You feel drained.
The orc warrior hits you but does no damage.
You hit the orc warrior but do no damage.
The orc warrior is almost dead.
The orc warrior closely misses you.
An orc comes into view. It is wielding a +0 dagger.
You closely miss the orc warrior.
The orc warrior is almost dead.
The orc shouts!
You hit the orc warrior but do no damage.
The orc warrior is almost dead.
The orc warrior hits you but does no damage.
You hit the orc warrior but do no damage.
The orc warrior is almost dead.
The orc warrior closely misses you.
You closely miss the orc warrior.
The orc warrior is almost dead.
An orc priest comes into view. It is wielding a +0 dagger.
The orc warrior hits you with a +0 hand axe!
You die...

#. ### #. #..
#.##.# ###.##.#
#......#
###..(...########o
#.........@oooo...
#.#......#########
#.#......#
##.###.##.#
#.........##
#.............
##.....#######
###...#
##)########


You could see an orc warrior (very drained), an orc priest (wandering) and 3
orcs.

Vanquished Creatures
  5 adders (D:2)
  A worm (D:2)
  A dart slug (D:1)
  4 ball pythons
  5 bats
  2 endoplasms
  A giant cockroach (D:1)
  9 hobgoblins
  5 kobolds
  A quokka (D:1)
  2 frilled lizards (D:1)
  6 goblins
  5 rats
47 creatures vanquished.

Notes
Turn   | Place    | Note
-------+----------+-------------------------------------------
     0 | D:1      | weedian the Human Reaver began the quest for the Orb.
     0 | D:1      | Reached XP level 1. HP: 16/16 MP: 3/3
   179 | D:1      | Reached XP level 2. HP: 17/20 MP: 3/5
   609 | D:1      | Reached XP level 3. HP: 27/27 MP: 6/6
   683 | D:1      | Reached skill level 1 in Armour
  1542 | D:2      | Reached XP level 4. HP: 32/33 MP: 7/7
  1747 | D:2      | Found a faded altar of an unknown god.
  2563 | D:3      | Reached XP level 5. HP: 37/39 MP: 8/8
  2583 | D:3      | Noticed an orc warrior
  2607 | D:3      | Slain by an orc warrior

Illustrated notes

Levels and vault maps discovered:
D:1:      co_arrival_hall_of_pillars, layout_basic
D:2:      layout_basic, chequers_ecumenical_altar_simple
D:3:      layout_loops_ring, serial_bayou, serial_bayou_shore_b,
          serial_bayou_lagoon_a, serial_bayou_crossing, serial_bayou_shore_a,
          uniq_robin

Skill      XL: |  1  2  3 |
---------------+----------+-----
Armour         | 1 |  1.5
Fighting       | |  2.6
Polearms       | |  3.4
Dodging        | |  2.6
Spellcasting   | |  2.4
Conjurations   | |  3.4

Action                     |  1- 3 |  4- 6 || total
---------------------------+-------+-------++-------
  Melee: Spear             |   118 |    86 ||   204
         Punch             |     3 |     2 ||     5
   Cast: Kiss of Death     |     2 |     2 ||     4
 Armour: Leather armour    |     7 |       ||     7
         Scale mail        |    48 |    30 ||    78
  Dodge: Dodged            |    61 |    25 ||    86
